 Dungeon Crawl Stone Soup version 0.25.1-2-g60ff931df9 (webtiles) character file.

Game seed: 11935918840471232214

4192 Goreval the Destroyer (level 10, -1/74 HPs)
             Began as a White Draconian Conjurer on Sept 16, 2020.
             Was a Follower of Ashenzari.
             Slain by a hornet (10 damage)
             ... on level 8 of the Dungeon.
             The game lasted 00:21:25 (9828 turns).

Goreval the Destroyer (White Draconian Conjurer)    Turns: 9828, Time: 00:21:26

Health: -1/74      AC:  9    Str: 10    XL:     10   Next: 8%
Magic:  11/28      EV: 14    Int: 18    God:    Ashenzari [*.....]
Gold:   69         SH:  0    Dex: 13    Spells: 7/21 levels left

rFire    . . .     SeeInvis .   d - +2 dagger (venom)
rCold    + . .     Gourm    .   (no shield)
rNeg     . . .     Faith    .   (armour unavailable)
rPois    .         Spirit   .   (helmet restricted)
rElec    .         Reflect  .   A - +0 cloak
rCorr    .         Harm     .   B - +0 pair of gloves
MR       .....                  (no boots)
Stlth    +++.......             (no amulet)
HPRegen  0.22/turn              n - ring of magical power
MPRegen  0.21/turn              c - ring of stealth

@: lethally poisoned (-1 -> -6), very slightly contaminated, slowed, very slow
A: breathe frost, unfitting armour, cold resistance 1, cold-blooded, AC +7
a: Breathe Frost, Curse Item, Scrying, Renounce Religion


You were on level 8 of the Dungeon.
You worshipped Ashenzari.
Ashenzari was aware of your devotion.
You were not hungry.

You visited 1 branch of the dungeon, and saw 8 of its levels.

You collected 291 gold pieces.
You spent 222 gold pieces at shops.

Inventory:

Hand Weapons
 d - a +2 dagger of venom (weapon)
Missiles
 a - 402 stones (quivered)
 t - 4 throwing nets
 u - 63 arrows
Armour
 A - a +0 cloak (worn)
 B - a +0 pair of gloves (worn)
Jewellery
 c - a ring of stealth (right hand)
 n - a ring of magical power (left hand)
 z - an uncursed ring of fire
Wands
 j - a wand of paralysis (8)
 r - a wand of iceblast (13)
 s - a wand of digging (6)
 D - a wand of polymorph (10)
Scrolls
 f - 2 scrolls of fog
 g - 6 scrolls of identify
 l - 2 scrolls of teleportation
 m - 2 scrolls of amnesia
 o - 5 scrolls of remove curse
 x - a scroll of blinking
 y - 2 scrolls of enchant weapon
Potions
 e - a potion of brilliance
 h - 5 potions of curing
 i - a potion of ambrosia
 k - 2 potions of magic
 p - a potion of resistance
 q - 3 potions of flight
 v - a potion of lignification
 w - a potion of invisibility
Comestibles
 b - 11 rations
 C - 3 chunks of flesh


   Skills:
 + Level 2.4 Fighting
 - Level 5.1 Dodging
 - Level 2.0 Stealth
 - Level 6.0 Spellcasting
 * Level 12.2 Conjurations


You had 7 spell levels left.
You knew the following spells:

 Your Spells              Type           Power        Failure   Level  Hunger
a - Magic Dart            Conj           ####         1%          1    None
b - Searing Ray           Conj           #####.       1%          2    None
c - Dazzling Flash        Conj/Hex       ####..       3%          3    ##.....
d - Fulminant Prism       Conj/Hex       ####......   10%         4    ####...
e - Iskenderun's Mystic   Conj/Tloc      ####....     10%         4    ####...

Your spell library contained the following spells:

 Spells                   Type           Power        Failure   Level  Hunger


Dungeon Overview and Level Annotations

Branches:
Dungeon (8/15)             Temple (0/1) D:6
   Lair: D:8-11

Altars:
Ashenzari
Gozag
Nemelex Xobeh
Sif Muna
Uskayaw
Vehumet

Shops:
D:4 *   D:7 }%!


Innate Abilities, Weirdness & Mutations

You can breathe waves of freezing cold.
You can buffet flying creatures when you breathe cold.
Your icy white scales are hard. (AC +7)
You cannot fit into any form of body armour.
Your flesh is cold resistant. (rC+)
You are cold-blooded and may be slowed by cold attacks.


Message History

You feel as though you will be slow longer.
The hornet stings you but does no damage.
You feel better.
You have got your breath back.
The hornet misses you. The hornet barely misses you.
The hornet stings you but does no damage.
Unknown command.
The hornet closely misses you.
You miscast Fulminant Prism.
Nothing appears to happen.
The hornet barely misses you. The hornet stings you!
* * * LOW HITPOINT WARNING * * *
You feel as though you will be slow longer.
The searing ray hits the hornet! (Press . to maintain the ray.)
The hornet stings you.
* * * LOW HITPOINT WARNING * * *
You are poisoned.
You feel as though you will be slow longer.
The hornet stings you!
You die...

...## ..... ......
...... #......
####.......
##.......... .
##...y†..†...
....##..<@###.....
........### ...
......?...# .
.............
#...#[#........
##. ####....... #.
....... # .......
.......


You could see a hornet.

Vanquished Creatures
  Harold (D:6)
  A hippogriff (D:7)
  A hungry ghost (D:7)
  2 orc warriors
  3 sky beasts
  An ice beast (D:7)
  2 black bears (D:7)
  A phantom (D:5)
  5 ogres
  4 centaurs
  A gnoll sergeant (D:6)
  2 bullfrogs (D:6)
  A water moccasin skeleton (D:5)
  A wyvern skeleton (D:8)
  2 scorpions
  7 killer bees
  2 howler monkeys
  2 crimson imps
  A quasit (D:6)
  A centaur zombie (D:5)
  4 hounds
  A jelly (D:7)
  2 orc priests
  Ijyb (D:4)
  A centaur skeleton (D:7)
  9 worker ants
  A hound zombie (D:5)
  7 gnolls
  7 adders
  An ooze (D:1)
  2 adder skeletons
  A worm (D:2)
  A dart slug (D:1)
  5 leopard geckos
  22 orcs
  4 giant cockroaches
  11 goblins
  5 hobgoblins
  4 jackals (D:5)
  8 kobolds
  6 quokkas
  3 ball pythons (D:4)
  8 bats
  6 frilled lizards
  7 rats
168 creatures vanquished.

Vanquished Creatures (others)
  A killer bee (D:7)
  7 fulminant prisms
8 creatures vanquished.

Grand Total: 176 creatures vanquished

Notes
Turn   | Place    | Note
-------+----------+-------------------------------------------
     0 | D:1      | Goreval the Draconian Conjurer began the quest for the Orb.
     0 | D:1      | Reached XP level 1. HP: 14/14 MP: 3/3
   307 | D:1      | Reached XP level 2. HP: 20/20 MP: 3/5
   311 | D:1      | Learned a level 2 spell: Searing Ray
  1121 | D:2      | Found a radiant altar of Vehumet.
  1126 | D:2      | Reached XP level 3. HP: 27/27 MP: 3/6
  1315 | D:2      | Found a sparkling altar of Nemelex Xobeh.
  1317 | D:2      | Found a shattered altar of Ashenzari.
  1319 | D:2      | Found an opulent altar of Gozag.
  1319 | D:2      | Found a shimmering blue altar of Sif Muna.
  1334 | D:2      | Became a worshipper of Ashenzari the Shackled
  1600 | D:2      | Reached skill level 1 in Fighting
  2239 | D:3      | Reached skill level 5 in Conjurations
  2239 | D:3      | Reached XP level 4. HP: 36/36 MP: 7/7
  2860 | D:3      | Reached XP level 5. HP: 35/41 MP: 8/9
  2865 | D:3      | Learned a level 3 spell: Dazzling Flash
  3582 | D:4      | Reached * piety under Ashenzari
  3761 | D:4      | Noticed an ogre
  3762 | D:4      | Noticed Ijyb
  3765 | D:4      | Noticed an ogre
  3951 | D:4      | Killed an ogre
  3951 | D:4      | Reached skill level 6 in Conjurations
  3951 | D:4      | Reached XP level 6. HP: 48/48 MP: 11/11
  4098 | D:4      | Found Waetueh's General Store.
  4104 | D:4      | Bought a potion of flight for 39 gold pieces
  4104 | D:4      | Bought a potion of curing for 39 gold pieces
  4160 | D:4      | Killed Ijyb
  4363 | D:5      | Entered Level 5 of the Dungeon
  4418 | D:5      | Reached skill level 7 in Conjurations
  4514 | D:5      | Learned a level 4 spell: Fulminant Prism
  4650 | D:5      | Your scales start taking on an icy white colour.
  4650 | D:5      | Reached XP level 7. HP: 54/55 MP: 13/13
  4650 | D:5      | Gained mutation: Your flesh is cold resistant. (rC+) [White
                  | Draconian growth]
  5089 | D:5      | Found a hide-covered altar of Uskayaw.
  5253 | D:5      | Reached skill level 8 in Conjurations
  5817 | D:6      | Reached skill level 5 in Spellcasting
  5884 | D:6      | Reached XP level 8. HP: 61/61 MP: 15/15
  6236 | D:6      | Reached skill level 9 in Conjurations
  6931 | D:6      | Found a staircase to the Ecumenical Temple.
  7061 | D:6      | Learned a level 4 spell: Iskenderun's Mystic Blast
  7198 | D:7      | Reached skill level 10 in Conjurations
  7314 | D:7      | Found Xaufor's Distillery.
  7343 | D:7      | Bought a potion of curing for 48 gold pieces
  7343 | D:7      | Bought a potion of curing for 48 gold pieces
  7343 | D:7      | Bought a potion of curing for 48 gold pieces
  7453 | D:7      | Noticed a hippogriff
  7462 | D:7      | Killed a hippogriff
  7462 | D:7      | Reached XP level 9. HP: 29/67 MP: 17/18
  7646 | D:7      | Noticed Harold
  7948 | D:6      | Killed Harold
  7948 | D:6      | Reached skill level 11 in Conjurations
  8170 | D:6      | HP: 1/67 [orc warrior/+0 hand axe (16)]
  9198 | D:7      | Reached skill level 5 in Dodging
  9294 | D:7      | Found Ruicuc Oras's Gadget Shop.
  9347 | D:7      | Found Kyum's Food Shop.
  9364 | D:7      | Reached skill level 12 in Conjurations
  9482 | D:7      | Reached XP level 10. HP: 73/73 MP: 19/19
  9828 | D:8      | Slain by a hornet

Illustrated notes

Levels and vault maps discovered:
D:1:      erik_arrival_orb_chamber, layout_loops_ring, minmay_tetromino_o2
D:2:      layout_basic, vehumet_crystals, grunt_temple_overflow_open
D:3:      layout_loops_corners, minmay_misc_feat_alley
D:4:      layout_cave_pools, serial_shops, nicolae_shop_trees, first_ration,
          uniq_ijyb
D:5:      layout_loops_ring, eat_drink_and_be_merry_uskayaw,
          kennysheep_generic_room_12
D:6:      layout_basic, temple_doors_e
D:7:      layout_loops_ring, serial_shops, shop,
          nicolae_shop_competitors_out_of_business, shop, uniq_harold
D:8:      layout_cave_pools, david_lair_shrubbed, serial_shops, shop

Skill      XL: |  1  2  3  4  5  6  7  8  9 |
---------------+----------------------------+-----
Dodging        | 2 5 |  5.1
Stealth        | 2 |  2.0
Fighting       | 1 2 |  2.4
Conjurations   | 5 6 7 8 10 12 | 12.2
Spellcasting   | 3 4 5 6 |  6.0

Action                   |  1- 3 |  4- 6 |  7- 9 | 10-12 || total
-------------------------+-------+-------+-------+-------++-------
Melee: Dagger            |     7 |    16 |    58 |     2 ||    83
       Tailslap          |       |     3 |     6 |       ||     9
Throw: Stone             |     4 |       |       |       ||     4
 Cast: Magic Dart        |    74 |    85 |   288 |    26 ||   473
       Searing Ray       |     3 |     7 |    14 |     1 ||    25
       Fulminant Prism   |       |       |     6 |     1 ||     7
 Abil: Breathe Frost     |       |       |     4 |     1 ||     5
  Use: Scroll            |       |    10 |     1 |     3 ||    14
       Potion            |       |       |     2 |     3 ||     5
 Stab: Sleeping          |       |       |     1 |       ||     1
  Eat: Chunk             |     5 |     8 |    14 |     2 ||    29
       Ration            |       |       |     1 |       ||     1
Armor: Skin              |     1 |     6 |    79 |     5 ||    91
Dodge: Dodged            |    12 |    39 |   173 |    20 ||   244
